PAAA
ALLOWAY HALBERDS @ BAKERSFIELD NOBLES
08/01/2020
 
TOP OF THE 1ST
Alloway Halberds batting - Pitching for Bakersfield Nobles : RHP Jason McKinney
Pitching: RHP Jason McKinney
Batting: RHB Daniel Molina 0-0: Fly out, F8 (Flyball, 8LXD)
Batting: RHB Bill Stewart 0-0: Ball
1-0: Called Strike
1-1: SINGLE (Groundball, 4MD)
Batting: RHB Jonathan Cundall 0-0: Ball
1-0: Ball
2-0: Foul Ball, location: 2F
2-1: Ball
3-1: Base on Balls
Bill Stewart to second
Batting: RHB Orlando López 0-0: Ball
1-0: Called Strike
1-1: Ball
2-1: Grounds into double play, 6-4-3 (Groundball, 6)
Top of the 1st over - 0 run(s), 1 hit(s), 0 error(s), 1 left on base; Alloway 0 - Bakersfield 0
BOTTOM OF THE 1ST
Bakersfield Nobles batting - Pitching for Alloway Halberds : RHP Cole Johnson
Pitching: RHP Cole Johnson
Batting: RHB Miguel Márquez 0-0: SINGLE (Groundball, 56D)
Batting: RHB Jorge Gonzáles 0-0: Called Strike
0-1: SINGLE (Line Drive, 78M)
Miguel Márquez to second
Batting: RHB Gil Jenkins 0-0: Foul Ball, location: 2F
0-1: Called Strike
0-2: Foul Ball, location: 2F
0-2: Foul Ball, location: 2F
0-2: Ball
1-2: Strikes out swinging
Batting: RHB Tamasaburo Kato 0-0: Called Strike
Miguel Márquez steals 3rd base
Jorge Gonzáles to second
0-1: Ball
1-1: Ball
2-1: Called Strike
2-2: Ground out 6-3 (Groundball, 6)
Miguel Márquez scores
Batting: LHB Bartolo Benítez 0-0: Called Strike
0-1: Ball
1-1: Called Strike
1-2: Ball
2-2: Ball
Passed Ball!
Jorge Gonzáles to third
3-2: Base on Balls
Batting: LHB Emery Miller 0-0: Ball
1-0: Ball
Wild Pitch!
Jorge Gonzáles scores
Bartolo Benítez to second
2-0: Called Strike
2-1: Ball
3-1: Base on Balls
Batting: RHB Juan Alba 0-0: Ball
1-0: Fly out, F9 (Flyball, 9M)
Bottom of the 1st over - 2 run(s), 2 hit(s), 0 error(s), 2 left on base; Alloway 0 - Bakersfield 2
TOP OF THE 2ND
Alloway Halberds batting - Pitching for Bakersfield Nobles : RHP Jason McKinney
Batting: RHB Juan Martínez 0-0: Ball
1-0: Ball
2-0: Ball
3-0: Called Strike
3-1: Called Strike
3-2: Foul Ball, location: 2F
3-2: Fly out, F8 (Flyball, 78M)
Batting: LHB Francisco Rivas 0-0: SOLO HOME RUN (Line Drive, 9LD), Distance : 358 ft
Batting: RHB Mark Davis 0-0: Called Strike
0-1: Called Strike
0-2: Ball
1-2: Foul Ball, location: 2F
1-2: Fly out, F6 (Popup, 7LS)
Batting: LHB Kenji Takahashi 0-0: Called Strike
0-1: Ball
1-1: Swinging Strike
1-2: Ball
2-2: Ball
3-2: Foul Ball, location: 2F
3-2: Base on Balls
Batting: RHB Mike Davis 0-0: Ball
1-0: Ball
2-0: Foul Ball, location: 2F
2-1: Foul Ball, location: 2F
2-2: Ball
3-2: Strikes out swinging
Top of the 2nd over - 1 run(s), 1 hit(s), 0 error(s), 1 left on base; Alloway 1 - Bakersfield 2
BOTTOM OF THE 2ND
Bakersfield Nobles batting - Pitching for Alloway Halberds : RHP Cole Johnson
Batting: SHB Jon Jenkins 0-0: Foul Ball, location: 2F
0-1: Ball
1-1: Foul Ball, location: 2F
1-2: Foul Ball, location: 2F
1-2: Fly out, F4 (Popup, 34)
Batting: RHB Ron Gérard 0-0: Called Strike
0-1: Fly out, F8 (Flyball, 8RM)
Batting: RHB Miguel Márquez 0-0: Fly out, F8 (Flyball, 8RM)
Bottom of the 2nd over - 0 run(s), 0 hit(s), 0 error(s), 0 left on base; Alloway 1 - Bakersfield 2
TOP OF THE 3RD
Alloway Halberds batting - Pitching for Bakersfield Nobles : RHP Jason McKinney
Batting: RHB Daniel Molina 0-0: Swinging Strike
0-1: Foul Ball, location: 2F
0-2: Strikes out looking
Batting: RHB Bill Stewart 0-0: Called Strike
0-1: Called Strike
0-2: Strikes out looking
Batting: RHB Jonathan Cundall 0-0: Ball
1-0: Called Strike
1-1: Ball
2-1: Foul Ball, location: 2F
2-2: Ball
3-2: Strikes out looking
Top of the 3rd over - 0 run(s), 0 hit(s), 0 error(s), 0 left on base; Alloway 1 - Bakersfield 2
BOTTOM OF THE 3RD
Bakersfield Nobles batting - Pitching for Alloway Halberds : RHP Cole Johnson
Batting: RHB Jorge Gonzáles 0-0: Ball
1-0: SINGLE (Line Drive, 89M)
Batting: RHB Gil Jenkins 0-0: Called Strike
0-1: Grounds into double play, 5-4-3 (Groundball, 56)
Batting: RHB Tamasaburo Kato 0-0: Ball
1-0: Called Strike
1-1: Called Strike
1-2: Ball
2-2: Ball
3-2: SINGLE (Line Drive, 6MD)
Batting: LHB Bartolo Benítez 0-0: Ball
1-0: Ball
2-0: Fly out, F2 (Popup, 25F)
Bottom of the 3rd over - 0 run(s), 2 hit(s), 0 error(s), 1 left on base; Alloway 1 - Bakersfield 2
TOP OF THE 4TH
Alloway Halberds batting - Pitching for Bakersfield Nobles : RHP Jason McKinney
Batting: RHB Orlando López 0-0: Ground out 5-3 (Groundball, 5L)
Batting: RHB Juan Martínez 0-0: Ball
1-0: Ball
2-0: Fly out, F4 (Popup, 34)
Batting: LHB Francisco Rivas 0-0: Ball
1-0: Called Strike
1-1: Ball
2-1: Ball
3-1: Ground out 4-3 (Groundball, 4)
Top of the 4th over - 0 run(s), 0 hit(s), 0 error(s), 0 left on base; Alloway 1 - Bakersfield 2
BOTTOM OF THE 4TH
Bakersfield Nobles batting - Pitching for Alloway Halberds : RHP Cole Johnson
Batting: LHB Emery Miller 0-0: Ball
1-0: SINGLE (Groundball, 3L)
Batting: RHB Juan Alba 0-0: Grounds into double play, 5-4-3 (Groundball, 56)
Batting: SHB Jon Jenkins 0-0: Called Strike
0-1: Ball
1-1: Ball
2-1: Ball
3-1: Base on Balls
Batting: RHB Ron Gérard 0-0: Called Strike
0-1: Ball
Wild Pitch!
Jon Jenkins to second
1-1: SINGLE (Flyball, 8RS)
Jon Jenkins to third
Runner from 3rd tries for Home, SAFE, no throw or cutoff
Batting: RHB Miguel Márquez 0-0: Called Strike
0-1: SINGLE (Line Drive, 7S)
Ron Gérard to second
Batting: RHB Jorge Gonzáles 0-0: SINGLE (Groundball, 4MD)
Ron Gérard to third
Miguel Márquez to second
Runner from 3rd tries for Home, SAFE, no throw or cutoff
Batting: RHB Gil Jenkins 0-0: Ball
1-0: Called Strike
1-1: Called Strike
1-2: Ball
2-2: Foul Ball, location: 2F
2-2: Fly out, F8 (Flyball, 8LM)
Bottom of the 4th over - 2 run(s), 4 hit(s), 0 error(s), 2 left on base; Alloway 1 - Bakersfield 4
TOP OF THE 5TH
Alloway Halberds batting - Pitching for Bakersfield Nobles : RHP Jason McKinney
Batting: RHB Mark Davis 0-0: Foul Ball, location: 2F
0-1: Ball
1-1: Ball
2-1: Ball
3-1: Called Strike
3-2: Fly out, F4 (Popup, 4M)
Batting: LHB Kenji Takahashi 0-0: Foul Ball, location: 2F
0-1: Ball
1-1: Swinging Strike
1-2: Ball
2-2: Fly out, F8 (Flyball, 8RM)
Batting: RHB Mike Davis 0-0: Ball
1-0: Ground out 5-3 (Groundball, 5)
Top of the 5th over - 0 run(s), 0 hit(s), 0 error(s), 0 left on base; Alloway 1 - Bakersfield 4
BOTTOM OF THE 5TH
Bakersfield Nobles batting - Pitching for Alloway Halberds : RHP Cole Johnson
Batting: RHB Tamasaburo Kato 0-0: Ball
1-0: Foul Ball, location: 2F
1-1: Ball
2-1: Called Strike
2-2: SINGLE (Groundball, 56D)
Pitching: RHP Manuel Reyes
Batting: LHB Bartolo Benítez 0-0: Foul Ball, location: 2F
0-1: Called Strike
0-2: Foul Ball, location: 2F
0-2: Hit by Pitch
Tamasaburo Kato to second
Batting: LHB Emery Miller 0-0: Ball
1-0: Sac Bunt - play at first, batter OUT! 6-4
Tamasaburo Kato to third
Bartolo Benítez to second
Batting: RHB Juan Alba 0-0: Ball
1-0: Ball
2-0: SINGLE (Groundball, 34)
Tamasaburo Kato scores
Bartolo Benítez to third
Batting: SHB Jon Jenkins 0-0: Called Strike
0-1: Ball
1-1: Fly out, F8 (Flyball, 78M)
Runner from 3rd tags up, SCORES, throw made
Batting: RHB Ron Gérard 0-0: Called Strike
0-1: Foul Ball, location: 2F
0-2: Foul Ball, location: 2F
0-2: Ball
1-2: Fly out, F8 (Flyball, 8LM)
Bottom of the 5th over - 2 run(s), 2 hit(s), 0 error(s), 1 left on base; Alloway 1 - Bakersfield 6
TOP OF THE 6TH
Alloway Halberds batting - Pitching for Bakersfield Nobles : RHP Jason McKinney
Batting: RHB Daniel Molina 0-0: Ground out 6-3 (Groundball, 6)
Batting: RHB Bill Stewart 0-0: Foul Ball, location: 2F
0-1: Ball
1-1: Ball
2-1: Ground out U3 (Groundball, 3S)
Batting: RHB Jonathan Cundall 0-0: Ball
1-0: Foul Ball, location: 2F
1-1: Swinging Strike
1-2: Ball
2-2: Strikes out swinging
Top of the 6th over - 0 run(s), 0 hit(s), 0 error(s), 0 left on base; Alloway 1 - Bakersfield 6
BOTTOM OF THE 6TH
Bakersfield Nobles batting - Pitching for Alloway Halberds : RHP Manuel Reyes
Batting: RHB Miguel Márquez 0-0: Ball
1-0: Ground out 4-3 (Groundball, 4)
Batting: RHB Jorge Gonzáles 0-0: Ball
1-0: Ball
2-0: Ball
3-0: Called Strike
3-1: Base on Balls
Batting: RHB Gil Jenkins 0-0: Ball
1-0: Ball
2-0: SINGLE (Groundball, 5D)
Jorge Gonzáles to second
Pitching: LHP Peyton Leach
Batting: RHB Tamasaburo Kato 0-0: Called Strike
0-1: SINGLE (Groundball, 56D)
Jorge Gonzáles to third
Gil Jenkins to second
Runner from 3rd tries for Home, throw and OUT!
Batting: LHB Bartolo Benítez 0-0: Foul Ball, location: 2F
0-1: Swinging Strike
0-2: Strikes out swinging
Bottom of the 6th over - 0 run(s), 2 hit(s), 0 error(s), 2 left on base; Alloway 1 - Bakersfield 6
TOP OF THE 7TH
Alloway Halberds batting - Pitching for Bakersfield Nobles : RHP Jason McKinney
Pitching: RHP León Vásquez
Batting: RHB Orlando López 0-0: Called Strike
0-1: Foul Ball, location: 2F
0-2: SINGLE (Groundball, 3D)
Batting: RHB Juan Martínez 0-0: Ball
1-0: Ball
2-0: Ball
3-0: Called Strike
3-1: Grounds into double play, 6-4-3 (Groundball, 6)
Batting: LHB Francisco Rivas 0-0: Called Strike
0-1: Ball
1-1: Ball
2-1: Ball
3-1: Base on Balls
Batting: RHB Mark Davis 0-0: Called Strike
0-1: Ball
1-1: Foul Ball, location: 2F
1-2: Foul Ball, location: 2F
1-2: Ball
2-2: Ball
3-2: Strikes out looking
Top of the 7th over - 0 run(s), 1 hit(s), 0 error(s), 1 left on base; Alloway 1 - Bakersfield 6
BOTTOM OF THE 7TH
Bakersfield Nobles batting - Pitching for Alloway Halberds : LHP Peyton Leach
Batting: LHB Emery Miller 0-0: Ball
1-0: Ground out 6-3 (Groundball, 6)
Batting: RHB Juan Alba 0-0: Foul Ball, location: 2F
0-1: Foul Ball, location: 2F
0-2: Ball
1-2: Ball
2-2: Fly out, F7 (Flyball, 78M)
Batting: SHB Jon Jenkins 0-0: Ball
1-0: Ball
2-0: Ball
3-0: Base on Balls
Batting: RHB Ron Gérard 0-0: Called Strike
0-1: Ball
1-1: Fly out, F9 (Flyball, 9M)
Bottom of the 7th over - 0 run(s), 0 hit(s), 0 error(s), 1 left on base; Alloway 1 - Bakersfield 6
TOP OF THE 8TH
Alloway Halberds batting - Pitching for Bakersfield Nobles : RHP León Vásquez
Batting: LHB Kenji Takahashi 0-0: Called Strike
0-1: Foul Ball, location: 2F
0-2: Foul Ball, location: 2F
0-2: Ball
1-2: SINGLE (Groundball, 4)
Batting: RHB Mike Davis 0-0: Called Strike
0-1: Ball
1-1: Foul Ball, location: 2F
1-2: Foul Ball, location: 2F
1-2: Reached on error, E5 (Groundball, 5)
Kenji Takahashi to second
Batting: RHB Daniel Molina 0-0: Ball
1-0: Foul Ball, location: 2F
1-1: Foul Ball, location: 2F
1-2: Strikes out looking
Batting: RHB Bill Stewart 0-0: Called Strike
0-1: SINGLE (Line Drive, 4D)
Kenji Takahashi to third
Mike Davis to second
Pitching: RHP Enrique Magana
Batting: RHB Jonathan Cundall 0-0: Fly out, F5 (Popup, 56)
Batting: RHB Orlando López 0-0: Called Strike
0-1: Called Strike
0-2: Strikes out swinging
Top of the 8th over - 0 run(s), 2 hit(s), 1 error(s), 3 left on base; Alloway 1 - Bakersfield 6
BOTTOM OF THE 8TH
Bakersfield Nobles batting - Pitching for Alloway Halberds : LHP Peyton Leach
Batting: RHB Miguel Márquez 0-0: Called Strike
0-1: Ball
1-1: Fly out, F8 (Flyball, 8RM)
Batting: RHB Jorge Gonzáles 0-0: Ground out 4-3 (Groundball, 34)
Batting: RHB Gil Jenkins 0-0: Called Strike
0-1: Ball
1-1: Ball
2-1: Foul Ball, location: 2F
2-2: Ball
3-2: Base on Balls
Batting: RHB Tamasaburo Kato 0-0: Called Strike
0-1: Ball
1-1: Ball
2-1: 2-RUN HOME RUN (Flyball, 7LD), Distance : 353 ft
Batting: LHB Bartolo Benítez 0-0: Ball
1-0: SINGLE (Groundball, 34D)
Batting: LHB Emery Miller 0-0: Called Strike
0-1: Called Strike
0-2: Foul Ball, location: 2F
0-2: Foul Ball, location: 2F
0-2: Fly out, F9 (Flyball, 9D)
Bottom of the 8th over - 2 run(s), 2 hit(s), 0 error(s), 1 left on base; Alloway 1 - Bakersfield 8
TOP OF THE 9TH
Alloway Halberds batting - Pitching for Bakersfield Nobles : RHP Enrique Magana
Batting: RHB Juan Martínez 0-0: Ball
1-0: Called Strike
1-1: Swinging Strike
1-2: Foul Ball, location: 2F
1-2: Ball
2-2: Ground out 5-3 (Groundball, 56)
Batting: LHB Francisco Rivas 0-0: Ball
1-0: Called Strike
1-1: Swinging Strike
1-2: Strikes out swinging
Batting: RHB Mark Davis 0-0: Foul Ball, location: 2F
0-1: Swinging Strike
0-2: Ball
1-2: Ground out 6-3 (Groundball, 6)
Top of the 9th over - 0 run(s), 0 hit(s), 0 error(s), 0 left on base; Alloway 1 - Bakersfield 8
This league is powered by Out of the Park Baseball, the baseball management simulation game for PC, Mac and Linux
Friday, October 23rd, 2015 - OOTP Baseball 16.9 Build 39